 Dungeon Crawl Stone Soup version 0.27-a0-1299-g1ab19c6527 (webtiles) character file.

Game seed: 5564111692597028706

344 dickylongcocking the Magician (level 6, -4/46 HPs)
             Began as a Djinni Summoner on June 16, 2021.
             Was an Initiate of Gozag.
             Splashed by Pikel's acid (16 damage)
             ... on level 4 of the Dungeon.
             The game lasted 00:05:28 (6158 turns).

dickylongcocking the Magician (Djinni Summoner)     Turns: 6158, Time: 00:05:29

Health: -4/46      AC:  0    Str:  8    XL:     6   Next: 89%
Gold:   319        EV: 12    Int: 18    God:    Gozag SH:  0 Dex: 13

rFire    + + .     SeeInvis .   o - +0 broad axe
rCold    x . .     Faith    .   (no shield)
rNeg     . . .     Spirit   .   f - +0 leather armour
rPois    ∞         Reflect  .   (no helmet)
rElec    .         Harm     .   r - scarf {repulsion}
rCorr    .         Rampage  .   (no gloves)
Will     .....                  (boots unavailable)
Stlth    ++........             (no amulet)
HPRegen  0.15/turn              (no ring)
MPRegen  0.00/turn              (no ring)

@: corroded, flying, repel missiles
A: sickness immunity, fire resistance 2, cold vulnerability 1, float, innate
caster, hp casting, extra vitality 1
a: Renounce Religion, Potion Petition, Call Merchant, Bribe Branch


You were on level 4 of the Dungeon.
You worshipped Gozag.
Gozag was aware of your devotion.
You visited 1 branch of the dungeon, and saw 4 of its levels.

You collected 345 gold pieces.
You paid 26 gold pieces to Gozag.

Inventory:

Hand Weapons
 b - a +0 dagger
 n - a +0 short sword
 o - a +0 broad axe (weapon)
 s - a +2 whip of pain
Armour
 a - a +0 robe
 f - a +0 leather armour (worn)
 r - a scarf of repulsion (worn)
Magical Staves
 m - a staff of conjuration
Wands
 j - a wand of acid (4)
Scrolls
 e - a scroll of brand weapon {unknown}
 g - a scroll of teleportation {unknown}
 i - a scroll of blinking {unknown}
 l - 4 scrolls of identify {unknown}
 p - 4 scrolls of enchant armour {unknown}
 t - a scroll of noise {unknown}
Potions
 c - 2 potions of flight {unknown}
 d - 2 potions of haste
 h - a potion of resistance
 k - a potion of might
 q - a potion of magic {unknown}
 u - a potion of curing


   Skills:
 * Level 3.3 Fighting
 - Level 0.3 Short Blades
 - Level 1.1 Armour
 - Level 2.7 Dodging
 - Level 2.0 Stealth
 * Level 4.8 Spellcasting


You couldn't memorise any spells.
You knew the following spells:

 Your Spells              Type           Power      Damage    Failure   Level
a - Summon Small Mammal   Summ           84%        N/A       2%          1
b - Call Imp              Summ           21%        N/A       3%          2
c - Call Canine Familiar  Summ           21%        N/A       8%          3
d - Summon Guardian Gole  Hex/Summ       21%        N/A       8%          3
e - Summon Lightning Spi  Summ/Air       21%        N/A       26%         4
f - Summon Ice Beast      Ice/Summ       21%        N/A       26%         4
g - Sting                 Tmut/Pois      84%        1d7       2%          1
h - Wereblood             Tmut           21%        N/A       3%          2
Your spell library was empty.

Dungeon Overview and Level Annotations

Branches:
Dungeon (4/15)
 Temple: D:4-7

Altars:
Gozag

Annotations:
D:4 Pikel


Innate Abilities, Weirdness & Mutations

You are immune to sickness and miasma.
You are immune to poison.
Your flesh is very heat resistant. (rF++)
You are vulnerable to cold. (rC-)
You float through the air rather than walking.
You learn spells naturally, not from books.
Your magical power is your life essence.
You have superior vitality. (+4 HP)


Message History

Gang up on whom?
Press: ? - help, Dir - move target, f - Pikel
Aim: Pikel, wielding a +0 whip of freezing, wearing a +0 robe and carrying a wand of acid (6) (ally target) Attack!
Your guardian golem is engulfed in blazing flames.
Unknown command.
Pikel zaps a wand.
The bolt of acid hits your guardian golem!!
Your guardian golem is splashed with acid.
Your guardian golem seems to be corroded for longer.
Your guardian golem overheats!
Pikel hits your guardian golem with a +0 whip of freezing.
Your guardian golem explodes!
The fiery explosion engulfs Pikel!!
Okay, then.
Press: ? - help, v - describe, . - travel
Here: Pikel, wielding a +0 whip of freezing, wearing a +0 robe and carrying a wand of acid (5) (severely wounded)
The floor.
Unknown command.
Casting: Summon Guardian Golem (dangerous; 8% risk of failure)
Confirm with . or Enter, or press ? or * to list all spells.
Okay, then.
Casting: Summon Guardian Golem (dangerous; 8% risk of failure)
Confirm with . or Enter, or press ? or * to list all spells.
Okay, then.
Casting: Summon Guardian Golem (dangerous; 8% risk of failure)
Confirm with . or Enter, or press ? or * to list all spells.
You can't see any susceptible monsters within range! (Use Z to cast anyway.) Unknown command.
Casting: Summon Guardian Golem (dangerous; 8% risk of failure)
Confirm with . or Enter, or press ? or * to list all spells.
Aiming: Sting (safe; 2% risk of failure)
Press: ? - help, Shift-Dir - straight line, f/p - Pikel
Aim: Pikel, wielding a +0 whip of freezing, wearing a +0 robe and carrying a wand of acid (5) (severely wounded, 70% to hit)
The sting misses Pikel.
Pikel zaps a wand.
The bolt of acid hits you!!
Ouch! That really hurt!
* * * LOW HITPOINT WARNING * * *
The acid corrodes you!
You are splashed with acid!
You die...
Your body crumbles into a pile of gold.

### ## ###################.#
#. ..555K§§@..........[# #.
###################.# #. #.#
#. ##### #.# #. #...#
####### #.# #. ####
######...####.....####.####.
...#
#...............[...........
...#
#.####...#........####.####.
...###.####...#........# #.#
##.


You could see Pikel and 3 lemures.

Vanquished Creatures
  Jessica (D:2)
  2 orc wizards (D:4)
  A hound skeleton (D:4)
  4 adders
  2 ufetubi (D:4)
  2 worms (D:3)
  5 orcs
  2 endoplasms
  3 giant cockroaches
  3 goblins
  6 hobgoblins
  3 jackals
  5 kobolds
  3 quokkas
  4 ball pythons
  2 bats
  2 frilled lizards
  A quokka skeleton (D:4)
  3 rats
54 creatures vanquished.

Vanquished Creatures (collateral kills)
  2 scorpions
  A hound (D:4)
  An adder (D:4)
  A shadow imp (D:4)
  2 worms
  2 ball pythons
  An endoplasm (D:1)
  2 goblins (D:1)
  A hobgoblin (D:2)
  5 jackals
  2 frilled lizards (D:1)
  2 rats (D:1)
22 creatures vanquished.

Vanquished Creatures (others)
  A lemure (D:4)
  A scorpion (D:4)
  An adder (D:4)
3 creatures vanquished.

Grand Total: 79 creatures vanquished

Notes
Turn   | Place    | Note
-------+----------+-------------------------------------------
     0 | D:1      | dickylongcocking the Djinni Summoner began the quest for
                  | the Orb.
     0 | D:1      | Reached XP level 1. HP: 15/15 MP: 0/0
   594 | D:1      | Reached XP level 2. HP: 20/21 MP: 0/0
  1745 | D:2      | Noticed a scorpion
  2069 | D:2      | Reached XP level 3. HP: 14/25 MP: 0/0
  2069 | D:2      | Learned a level 1 spell: Sting
  2300 | D:2      | Killed a scorpion
  2301 | D:2      | Reached XP level 4. HP: 20/31 MP: 0/0
  3010 | D:2      | Found a faded altar of an unknown god.
  3191 | D:2      | Noticed Jessica
  3198 | D:2      | Killed Jessica
  3199 | D:2      | Reached skill level 1 in Armour
  3199 | D:2      | Reached skill level 4 in Spellcasting
  3659 | D:3      | Reached XP level 5. HP: 35/36 MP: 0/0
  3659 | D:3      | Learned a level 2 spell: Wereblood
  3742 | D:3      | Reached skill level 1 in Fighting
  4134 | D:3      | Found an opulent altar of Gozag.
  4297 | D:3      | Became a worshipper of Gozag Ym Sagoz the Greedy
  4494 | D:4      | Reached XP level 6. HP: 21/44 MP: 0/0
  6095 | D:4      | Noticed Pikel
  6158 | D:4      | Splashed by Pikel's acid

Illustrated notes

Levels and vault maps discovered:
D:1:      dpeg_arrival_renting, layout_basic
D:2:      layout_loops_ring, hellmonk_ecumenical_altar_inner_sanctum,
          uniq_jessica
D:3:      layout_basic, grunt_gozag_breadcrumbs, grunt_ministairs_14
D:4:      layout_basic, portal_sewer_entry_d, uniq_pikel

Skill      XL: |  1  2  3  4  5  6 |
---------------+-------------------+-----
Armour         | 1 |  1.1
Stealth        | 2 |  2.0
Spellcasting   | 4 |  4.8
Fighting       | 2 3 |  3.3
Short Blades   | |  0.3
Dodging        | |  2.7

Action                   |  1- 3 |  4- 6 || total
-------------------------+-------+-------++-------
Melee: Unarmed           |    10 |       ||    10
       Dagger            |    53 |    40 ||    93
       Broad axe         |       |   100 ||   100
 Cast: Summon Small Mamm |    40 |     1 ||    41
       Call Imp          |     2 |     4 ||     6
       Call Canine Famil |     1 |     2 ||     3
       Sting             |       |    41 ||    41
       Summon Guardian G |       |     5 ||     5
       Summon Ice Beast  |       |     3 ||     3
       Summon Lightning  |       |     1 ||     1
  Use: Potion            |       |     7 ||     7
 Stab: Sleeping          |       |     3 ||     3
       Distracted        |       |     1 ||     1
Armor: Robe              |    16 |       ||    16
       Leather armour    |    13 |    51 ||    64
Dodge: Dodged            |    73 |   152 ||   225

Table legend: (Time is in decaauts)
 A = Elapsed time spent in this place.
 B = Non-inter-level travel time spent in this place.
 C = Inter-level travel time spent in this place.
 D = Time resting spent in this place.
 E = Time spent auto-exploring this place.
 F = Levels seen in this place.
 G = Mean time per level.
                   A        B        C        D        E       F      G
               +--------+--------+--------+--------+--------+-----+--------+
         Total |   6196 |   5984 |    212 |    442 |   4631 |   4 | 1549.0 |
       Dungeon |   6196 |   5984 |    212 |    442 |   4631 |   4 | 1549.0 |
               +--------+--------+--------+--------+--------+-----+--------+

Top non-repeatable levels by time:
     D:4: 1849 daAuts
     D:1: 1786 daAuts
     D:2: 1568 daAuts
     D:3: 991 daAuts
